 Dungeon Crawl Stone Soup version 0.20-a0-809-gaf7f668 (console) character file.

335274 nht the Vampiric Blade (level 20, -22/199 HPs)
             Began as a Vampire Berserker on Mar 2, 2017.
             Was the Champion of Trog.
             Killed from afar by a deep elf knight (24 damage)
             ... with a stone arrow
             ... on level 2 of the Vaults.
             The game lasted 02:26:48 (41069 turns).

nht the Vampiric Blade (Vampire Berserker)         Turns: 41069, Time: 02:26:49

Health: -22/199    AC: 17    Str: 24    XL:     20   Next: 96%
Magic:  0/34       EV: 26    Int: 11    God:    Trog [******]
Gold:   848        SH:  0    Dex: 23    Spells: 19/19 levels left

rFire    . . .     SeeInvis +   a - +5 triple sword (freeze)
rCold    . . .     Gourm    .   L - +4 moon troll leather armour {Spirit, Regen++ MP+5}
rNeg     . . .     Faith    .   (shield currently unavailable)
rPois    +         Spirit   +   m - +2 helmet
rElec    .         Reflect  .   G - +2 cloak {+Inv}
rCorr    .         Harm     .   f - +0 pair of gloves {Str+3}
MR       ++...                  M - +1 pair of boots
Stlth    ..........             O - amulet of regeneration
Regen    1.9/turn               T - +4 ring of evasion
MPRegen  0.3/turn               E - ring of poison resistance

@: berserking, regenerating quickly, very quick
A: claws 1, fangs 3, hooves 1, see invisible, agile 1, unbreathing
}: 2/15 runes: decaying, gossamer
a: Berserk, Trog's Hand, Brothers in Arms, Burn Spellbooks, Renounce Religion,
Evoke Invisibility


You were on level 2 of the Vaults.
You worshipped Trog.
Trog was exalted by your worship.
You were full.

You visited 7 branches of the dungeon, and saw 36 of its levels.
You also visited: Labyrinth, Ossuary, Bailey, Volcano and Wizlab.

You collected 4164 gold pieces.
You spent 3316 gold pieces at shops.

Inventory:

Hand Weapons
 a - a +5 triple sword of freezing (weapon)
 b - a +0 quick blade of venom
 y - a +7 blowgun
 X - the +7 falchion of Pont {slice, rElec Dex+2}
   (Trog gifted it to you on level 4 of the Spider Nest)

   It inflicts extra damage upon your enemies.
   It affects your dexterity (+2).
   It insulates you from electricity.
Missiles
 d - 6 steel tomahawks
 i - 5 poisoned javelins
 j - 7 javelins of returning
 l - 13 needles of confusion
 t - 22 needles of sleeping
 w - 4 tomahawks of returning
 C - 27 tomahawks (quivered)
 H - 20 javelins of penetration
 K - 7 needles of frenzy
 N - 8 curare-tipped needles
 U - 4 steel javelins
Armour
 f - a +0 pair of gloves of strength (worn)
 m - a +2 helmet (worn)
 G - a +2 cloak of invisibility (worn)
 L - the +4 moon troll leather armour (worn) {Spirit, Regen++ MP+5}
   (You bought it in a shop on level 2 of the Orcish Mines)

   It affects your magic capacity (+5).
   It increases your rate of regeneration.
 M - a +1 pair of boots (worn)
Jewellery
 p - an uncursed ring of protection from fire
 E - a ring of poison resistance (left hand)
 O - an amulet of regeneration (around neck)
 P - an uncursed ring of protection from cold
 T - a +4 ring of evasion (right hand)
Wands
 S - a wand of digging (13/24)
Scrolls
 g - 22 scrolls of remove curse
 k - 12 scrolls of recharging
 n - 13 scrolls of teleportation
 r - 4 scrolls of enchant armour
 s - 6 scrolls of fog
 v - a scroll of magic mapping
 x - 9 scrolls of blinking
 I - 2 scrolls of silence
 W - 2 scrolls of fear
 Z - 24 scrolls of identify
Potions
 c - 54 potions of blood
 e - 6 potions of cancellation
 h - 11 potions of curing
 o - 3 potions of might
 q - 5 potions of mutation
 u - 5 potions of agility
 z - 10 potions of haste
 D - 7 potions of berserk rage
 F - 6 potions of flight
 J - a potion of heal wounds
 Q - 7 potions of resistance
 V - 3 potions of ambrosia
Miscellaneous
 A - a lightning rod (4/4)
 B - a phial of floods
 Y - a sack of spiders


   Skills:
 - Level 5.4 Fighting
 + Level 22.5 Long Blades
 - Level 17.8 Throwing
 - Level 1.5 Armour
 - Level 10.8 Dodging
 - Level 14.0 Stealth
   Level 5.0 Shields
 - Level 13.0 Evocations


You had 19 spell levels left.
You didn't know any spells.

Dungeon Overview and Level Annotations

Branches:
Dungeon (15/15)            Temple (0/1) D:4            Lair (6/6) D:11
  Swamp (4/4) Lair:2       Spider (4/4) Lair:2        Slime (0/5) Lair:5
    Orc (2/2) D:9             Elf (3/3) Orc:2        Vaults (2/5) D:14
 Depths (0/5) D:15
  Crypt: Vaults:2-3

Altars:
Ashenzari
Gozag
Kikubaaqudgha
Makhleb
Okawaru
Qazlal
Ru
Uskayaw
Vehumet
Xom
Yredelemnul
Zin
Beogh
Jiyva

Shops:
D:10 [   Orc:1 (   Orc:2 ([%*   Elf:2 %   Elf:3 !?}=(}}   Vaults:1 !

Annotations:
Spider:3 dig?
Elf:3 1 exclusion
Vaults:2 Mennas


Innate Abilities, Weirdness & Mutations

Your natural rate of healing is unusually fast.
You have razor-sharp teeth.
You have supernaturally acute eyesight. (SInv)
You can survive without breathing.
You have sharp fingernails.
You have large cloven feet.
You are agile. (Dex +2)


Message History

The orc wizard completely misses you.
The stone giant throws a large rock.
The large rock hits you!!
* * * LOW HITPOINT WARNING * * *
You barely miss the orc wizard.
The orc wizard is almost dead.
The yaktaur captain shoots a bolt.
The bolt hits you!!!
* * * LOW HITPOINT WARNING * * *
x2 You barely miss the orc wizard.
The orc wizard is almost dead.
The deep elf knight gestures at you while chanting.
The stone arrow hits you!
* * * LOW HITPOINT WARNING * * *
The orc wizard gestures wildly while chanting.
The orc wizard blinks!
You slice the stone giant!! You freeze the stone giant!
Your bite misses the stone giant.
The stone giant is moderately wounded.
The deep elf knight casts a spell at you.
The stone arrow hits you!
You die...

█........█████'██
████'██████....█.█
█......█ █....█.'
█.████.█ █....█.█
█.█).█.█ █....█.█
█.██'█.█ █)...█.█
█.█).█.█
███'██.██████
█.'..'.█
█...(§......█


████████ █(..e@C.....█ █.o...).....█ █...........█ ██████████....c......█
█........█████████████ █........█ █........█ █........█ █........█ You could see
a stone giant, a yaktaur captain, a deep elf knight and an orc wizard.

Vanquished Creatures
  Sojobo (Vaults:2)
  Saint Roka (Vaults:2)
  Jorgrun (Swamp:4)
  A deep elf blademaster (Elf:2)
  Frances (D:14)
  A sphinx (Vaults:2)
  Kirke (D:13)
  A thorn hunter (Swamp:2)
  3 tengu reavers
  Roxanne (Spider:1)
  Donald (Swamp:3)
  3 ghost moths
  A deep elf sorcerer (Elf:1)
  3 vault wardens
  2 orc warlords (Orc:1)
  The ghost of retryentry the Brawler, an adept VSFi of Ru (Spider:4)
  4 emperor scorpions
  2 entropy weavers
  A very ugly thing (Swamp:3)
  A war gargoyle (D:13)
  7 ironheart preservers
  The ghost of nikopol the Spear-Bearer, a journeyman MiBe of Trog (Lair:6)
  A stone giant (Vaults:2)
  Nessos (D:14)
  3 deep elf demonologists
  3 deep elf annihilators
  4 spark wasps
  A red draconian (Volcano)
  A minotaur (Lab)
  An ettin (shapeshifter) (D:15)
  A deep elf death mage (Vaults:2)
  5 fire dragons
  Josephine (D:14)
  5 vault guards
  4 yaktaur captains
  A great orb of eyes (Vaults:1)
  3 ghost crabs
  A rakshasa (Vaults:2)
  A catoblepas (D:15)
  3 spriggan air magi (WizLab)
  6 centaur warriors
  3 ogre magi
  A death knight (Vaults:1)
  22 hydras
  7 alligators
  17 two-headed ogres
  26 dancing weapons
  A deep troll shaman (Vaults:2)
  4 tengu warriors (D:15)
  5 death yaks (Lair:5)
  2 deep troll earth magi (D:15)
  24 deep elf knights
  A fire crab (Swamp:4)
  A fire crab (shapeshifter) (Vaults:2)
  3 skeletal warriors
  A salamander mystic (Volcano)
  8 swamp dragons
  A sea snake (shapeshifter) (D:15)
  3 spriggan druids
  2 unseen horrors
  9 deep trolls
  16 deep elf archers
  3 flayed ghosts
  6 ironbrand convokers
  2 shambling mangroves
  5 wizards
  A harpy (Vaults:2)
  8 orc knights
  A sphinx zombie (Vaults:1)
  13 orb spiders
  3 orc sorcerers (Orc:1)
  Pikel (D:7)
  A lindwurm (Lair:6)
  5 necromancers
  22 wolf spiders
  A tengu skeleton (Vaults:1)
  17 ugly things
  71 deep elf magi
  5 salamanders (Volcano)
  3 human zombies
  A moth of wrath (Spider:4)
  7 cyclopes
  3 vault sentinels
  5 manticores
  A faun (shapeshifter) (Elf:3)
  3 human skeletons
  7 black mambas
  Joseph (D:8)
  4 elephants (Lair:6)
  3 molten gargoyles (Lair:6)
  8 centaur skeletons
  4 torpor snails
  11 gargoyles
  29 spiny frogs
  A kobold demonologist (D:12)
  19 komodo dragons
  13 demonic crawlers
  2 freezing wraiths (Vaults:1)
  10 yaktaurs
  A redback zombie (D:15)
  A komodo dragon (shapeshifter) (Vaults:1)
  14 rime drakes
  An efreet (D:15)
  5 tengu conjurers
  7 trolls
  A meliai zombie (D:15)
  19 hornets
  9 wind drakes (WizLab)
  12 blink frogs
  A jumping spider (shapeshifter) (Vaults:1)
  11 tyrant leeches
  29 jumping spiders
  31 slime creatures
  8 bog bodies
  8 hippogriffs
  A frost giant simulacrum (Vaults:1)
  4 dream sheep (Lair:6)
  79 redbacks
  7 spriggans
  6 shadows
  32 tarantellas
  21 air elementals (WizLab)
  32 yaks
  6 wyverns
  A water elemental (Elf:1)
  3 fire elementals
  Sigmund (D:6)
  Eustachio (D:6)
  4 wraiths
  Grum (D:8)
  8 basilisks
  10 hungry ghosts
  2 human simulacra (Vaults:2)
  22 humans (D:14)
  13 steam dragons
  Menkaure (D:6)
  16 vampire mosquitoes
  23 insubstantial wisps
  A warg (shapeshifter) (D:15)
  31 swamp worms
  3 wargs
  A soldier ant (shapeshifter) (D:15)
  A harpy simulacrum (Vaults:1)
  A soldier ant (D:14)
  4 acid dragons
  12 swamp drakes
  9 water moccasins
  7 hell hounds
  A floating eye (shapeshifter) (D:15)
  6 porcupines
  50 orc warriors
  A black bear (D:13)
  6 ice beasts
  An eye of draining (D:15)
  5 sky beasts
  3 phantoms
  17 ogres
  6 boggarts (D:15)
  5 wolves
  24 centaurs
  11 crocodiles
  19 bullfrogs
  3 earth elementals
  A water moccasin zombie (D:7)
  A wyvern skeleton (D:9)
  3 scorpions
  A hornet simulacrum (D:15)
  16 killer bees
  8 wights
  A troll zombie (D:9)
  A howler monkey (D:6)
  4 electric eels
  4 lava snakes (Lair:6)
  2 crimson imps
  5 centaur zombies
  3 quasits
  A yaktaur simulacrum (Vaults:1)
  A gnoll shaman (D:7)
  6 hounds
  17 orc priests
  2 bullfrog skeletons
  2 iguanas
  17 orc wizards
  7 worker ants
  An ogre zombie (D:9)
  A big kobold zombie (Ossuary)
  8 mummies (Ossuary)
  Robin (D:2)
  12 gnolls
  An adder (shapeshifter) (D:15)
  15 adders
  4 shadow imps
  2 oozes
  3 worms (Swamp:2)
  A dart slug (D:2)
  6 leopard geckos
  99 orcs
  7 giant cockroaches
  A gnoll zombie (Ossuary)
  22 goblins
  22 hobgoblins
  5 jackals
  6 quokkas
  11 bats
  7 frilled lizards
  2 goblin skeletons (D:9)
  2 goblin zombies (D:9)
  A hobgoblin skeleton (D:9)
  2 hobgoblin zombies (D:9)
  2 jackal skeletons
  A jackal zombie (D:8)
  17 kobolds
  A kobold zombie (Ossuary)
  A leopard gecko skeleton (D:7)
  2 orc skeletons
  12 orc zombies
  9 rats
1612 creatures vanquished.

Vanquished Creatures (collateral kills)
  A Cloud Mage (WizLab)
  An emperor scorpion (Spider:4)
  A fire dragon (Swamp:4)
  A rakshasa (Vaults:2)
  2 hydras (Swamp:4)
  5 two-headed ogres (Vaults:2)
  A centaur warrior (Vaults:2)
  An ogre mage (Vaults:2)
  A deep elf knight (Elf:2)
  A fire crab (Swamp:4)
  3 deep elf archers (Elf:2)
  A faun (shapeshifter) (Elf:2)
  2 deep elf magi (Elf:2)
  A salamander (Swamp:4)
  A manticore (D:15)
  A hornet (Swamp:4)
  A redback (Lair:2)
  A spriggan (Swamp:4)
  A redback (shapeshifter) (Vaults:2)
  A swamp drake (Swamp:4)
  2 phantoms
  An eye of draining (D:9)
  A centaur (Vaults:2)
  A big kobold (D:9)
  2 troll zombies (D:9)
  A jelly (D:9)
  An iguana (D:9)
  4 ogre zombies (D:9)
  3 kobolds (D:9)
  A goblin skeleton (D:9)
  3 goblin zombies (D:9)
  2 orc skeletons (D:9)
  4 orc zombies (D:9)
54 creatures vanquished.

Vanquished Creatures (others)
  A deep elf sorcerer (Elf:2)
  2 hydras (Swamp:4)
  A swamp dragon (Swamp:4)
  A lindwurm (Swamp:4)
  A deep elf mage (Elf:2)
  A gargoyle (D:13)
  A hornet (Swamp:4)
  A spriggan (Swamp:3)
  A vampire mosquito (Swamp:3)
  A steam dragon (Swamp:4)
  4 swamp drakes (Swamp:4)
  2 centaurs (Orc:2)
  2 orcs
  A briar patch (Swamp:2)
  17 fungi
  11 plants
48 creatures vanquished.

Grand Total: 1714 creatures vanquished

Notes
Turn   | Place    | Note
-------+----------+-------------------------------------------
     0 | D:1      | nht the Vampire Berserker began the quest for the Orb.
     0 | D:1      | Reached XP level 1. HP: 17/17 MP: 1/1
    90 | D:1      | Reached XP level 2. HP: 22/23 MP: 2/2
   305 | D:1      | Reached skill level 4 in Long Blades
   361 | D:1      | Reached ** piety under Trog
   370 | D:1      | Reached XP level 3. HP: 26/28 MP: 3/3
   982 | D:2      | Noticed Robin
   994 | D:2      | Reached XP level 4. HP: 34/34 MP: 4/4
   996 | D:2      | Reached skill level 5 in Long Blades
  1005 | D:2      | Killed Robin
  1377 | D:2      | Reached XP level 5. HP: 37/39 MP: 5/5
  1473 | D:2      | Reached *** piety under Trog
  1676 | D:3      | Reached skill level 6 in Long Blades
  1814 | D:3      | Found a basalt altar of Yredelemnul.
  2041 | D:4      | Found an iron altar of Okawaru.
  2116 | D:4      | Found a staircase to the Ecumenical Temple.
  2126 | D:4      | Noticed an ogre
  2134 | D:4      | Killed an ogre
  2134 | D:4      | Reached XP level 6. HP: 46/46 MP: 6/6
  2651 | D:4      | Reached skill level 7 in Long Blades
  3024 | D:5      | Entered Level 5 of the Dungeon
  3154 | D:5      | Reached **** piety under Trog
  3171 | D:5      | Found a radiant altar of Vehumet.
  3229 | D:5      | Found a stormy altar of Qazlal.
  3354 | D:5      | You fall through a shaft!
  3368 | D:6      | Noticed Sigmund
  3371 | D:6      | Killed Sigmund
  3371 | D:6      | Reached skill level 8 in Long Blades
  3431 | D:6      | Reached XP level 7. HP: 42/51 MP: 7/7
  3503 | D:6      | Found a sand-covered staircase.
  3508 | Ossuary  | Entered an ossuary
  3932 | D:6      | Reached skill level 9 in Long Blades
  3999 | D:6      | Noticed an angel
  4000 | D:6      | Found a glowing silver altar of Zin.
  4004 | D:6      | Found a shimmering altar of Xom.
  4005 | D:6      | Noticed Menkaure
  4015 | D:6      | Killed Menkaure
  4126 | D:6      | Reached XP level 8. HP: 57/57 MP: 8/8
  4290 | D:6      | Reached skill level 10 in Long Blades
  4412 | D:6      | Noticed Eustachio
  4422 | D:6      | Killed Eustachio
  4465 | D:6      | Reached ***** piety under Trog
  5015 | D:7      | Reached skill level 11 in Long Blades
  5212 | D:7      | Found an opulent altar of Gozag.
  5220 | D:7      | Noticed Pikel
  5232 | D:7      | Killed Pikel
  5232 | D:7      | Reached XP level 9. HP: 55/62 MP: 9/9
  5236 | D:7      | Reached skill level 5 in Dodging
  5293 | D:7      | Reached skill level 12 in Long Blades
  5745 | D:8      | Noticed Joseph
  5755 | D:8      | Killed Joseph
  5805 | D:8      | Noticed Grum
  5826 | D:8      | Killed Grum
  5978 | D:8      | Noticed a dagger
  5978 | D:8      | Noticed a hand axe
  5986 | D:8      | Found a hide-covered altar of Uskayaw.
  6801 | D:9      | Reached XP level 10. HP: 62/68 MP: 10/10
  6847 | D:9      | Found a staircase to the Orcish Mines.
  6919 | D:9      | Found a flagged portal.
  6928 | Bailey   | Entered a bailey
  6936 | Bailey   | Noticed a deep elf mage
  6944 | Bailey   | Killed a deep elf mage
  6944 | Bailey   | Reached skill level 13 in Long Blades
  6999 | Bailey   | Noticed a deep elf mage
  7000 | Bailey   | Noticed a deep elf mage
  7000 | Bailey   | Noticed a deep elf mage
  7000 | Bailey   | Noticed a deep elf mage
  7001 | Bailey   | Noticed a deep elf mage
  7001 | Bailey   | Noticed a deep elf mage
  7010 | Bailey   | Killed a deep elf mage
  7017 | Bailey   | Killed a deep elf mage
  7025 | Bailey   | Killed a deep elf mage
  7034 | Bailey   | Killed a deep elf mage
  7044 | Bailey   | Killed a deep elf mage
  7044 | Bailey   | Reached skill level 10 in Dodging
  7045 | Bailey   | Killed a deep elf mage
  7064 | Bailey   | Noticed a deep elf mage
  7071 | Bailey   | Killed a deep elf mage
  7120 | Bailey   | Noticed a deep elf archer
  7131 | Bailey   | Killed a deep elf archer
  7131 | Bailey   | Reached skill level 14 in Long Blades
  7131 | Bailey   | Reached XP level 11. HP: 58/74 MP: 11/11
  7282 | D:9      | Reached skill level 1 in Stealth
  7426 | D:9      | Found a sacrificial altar of Ru.
  7712 | D:10     | Entered Level 10 of the Dungeon
  7745 | D:10     | Got an ancient battleaxe
  7824 | D:10     | Received a gift from Trog
  7949 | D:10     | Found Rehio's Antique Armour Emporium.
  7957 | D:10     | Bought a runed cloak for 217 gold pieces
  8024 | D:10     | Found a roughly hewn altar of Beogh.
  8027 | D:10     | Reached ****** piety under Trog
  8046 | D:10     | Reached skill level 1 in Evocations
  8132 | D:10     | Noticed a two-headed ogre
  8143 | D:10     | Killed a two-headed ogre
  8143 | D:10     | Reached skill level 5 in Stealth
  8340 | D:10     | Got a polished shortbow
  9090 | D:11     | Received a gift from Trog
  9092 | D:11     | Got a shimmering quick blade {god gift}
  9094 | D:11     | Identified the +1 quick blade of Free Will {chaos, Str+4 Dex+3} (Trog gifted it to you on level 11 of the Dungeon)
  9099 | D:11     | Found a staircase to the Lair.
  9220 | D:11     | Noticed a two-headed ogre
  9231 | D:11     | Killed a two-headed ogre
  9552 | D:11     | Reached skill level 5 in Evocations
  9634 | D:11     | Noticed a two-headed ogre
  9642 | D:11     | Killed a two-headed ogre
  9674 | D:11     | Noticed an unseen horror
  9683 | D:11     | Killed an unseen horror
  9683 | D:11     | Reached skill level 10 in Stealth
  9712 | D:11     | Noticed a purple ugly thing
  9725 | D:11     | Killed a purple ugly thing
  9725 | D:11     | Reached XP level 12. HP: 81/81 MP: 16/16
  9801 | Lair:1   | Entered Level 1 of the Lair of Beasts
  9866 | Lair:1   | Found a labyrinth entrance.
  9889 | Lair:1   | Noticed an eight-headed hydra
  9892 | Lair:1   | Killed an eight-headed hydra
  9905 | Lab      | Entered a labyrinth
 10149 | Lab      | Noticed a minotaur
 10170 | Lab      | Killed a minotaur
 11137 | Lair:2   | Reached skill level 5 in Fighting
 11137 | Lair:2   | Reached XP level 13. HP: 92/92 MP: 19/19
 11341 | Lair:2   | Found a hole to the Spider Nest.
 11827 | Lair:2   | Found a staircase to the Swamp.
 12085 | Lair:3   | Received a gift from Trog
 12445 | Lair:3   | Received a gift from Trog
 12445 | Lair:3   | Reached skill level 5 in Shields
 12932 | Lair:4   | Reached XP level 14. HP: 92/98 MP: 20/20
 13010 | Lair:4   | Found a dark tunnel.
 13017 | Volcano  | Entered a volcano
 13418 | Lair:4   | Identified the +1 shortbow of Greed {freeze, +Fly rElec rF- rN+++} (You found it on level 10 of the Dungeon)
 13419 | Lair:4   | Identified the +3 battleaxe "Fainudim" {antimagic, Dex+2 SInv} (You found it on level 10 of the Dungeon)
 13660 | Lair:4   | Received a gift from Trog
 13708 | Lair:4   | Reached skill level 5 in Throwing
 14265 | Lair:5   | Reached skill level 10 in Evocations
 14809 | Lair:5   | Found a viscous altar of Jiyva.
 14810 | Lair:5   | Found a staircase to the Slime Pits.
 15015 | Lair:5   | Gained mutation: You are agile. (Dex +2) [potion of mutation]
 15015 | Lair:5   | Gained mutation: You have large cloven feet. [potion of mutation]
 15015 | Lair:5   | Gained mutation: You have sharp fingernails. [potion of mutation]
 15142 | Lair:6   | Entered Level 6 of the Lair of Beasts
 15241 | Lair:6   | Noticed nikopol's ghost (journeyman MiBe)
 15437 | Lair:6   | Killed nikopol's ghost
 15657 | Lair:6   | Received a gift from Trog
 16192 | Lair:6   | Found a large runed door.
 16192 | Lair:6   | Found a large runed door.
 16216 | Lair:6   | Reached XP level 15. HP: 92/103 MP: 23/23
 16553 | Lair:6   | Received a gift from Trog
 16701 | Lair:6   | Reached skill level 10 in Throwing
 17029 | Lair:4   | Identified a scroll of acquirement
 17030 | Lair:4   | Got a bloodstained crystal plate armour
 17042 | Lair:4   | Identified the +0 crystal plate armour of the Fife {-Cast rF+ rN+ Slay+2} (You acquired it on level 4 of the Lair of Beasts)
 17296 | Orc:1    | Entered Level 1 of the Orcish Mines
 17315 | Orc:1    | Found a burning altar of Makhleb.
 17340 | Orc:1    | Found Viym's Antique Weapon Emporium.
 17398 | Orc:1    | Noticed an orc warlord
 17406 | Orc:1    | Killed an orc warlord
 17622 | Orc:2    | Entered Level 2 of the Orcish Mines
 17686 | Orc:2    | Found a staircase to the Elven Halls.
 17878 | Orc:1    | Noticed an orc warlord
 17891 | Orc:1    | Killed an orc warlord
 17910 | Orc:1    | Received a gift from Trog
 18430 | Orc:2    | Found Wofijoing's Food Shop.
 18430 | Orc:2    | Found Ompuyc's Armour Emporium.
 18456 | Orc:2    | Found Ziacsom's General Store.
 18480 | Orc:2    | Found Honewab's Antique Weapon Shoppe.
 18712 | Orc:2    | Bought the +4 moon troll leather armour {Spirit, Regen++ MP+5} for 817 gold pieces
 18793 | Orc:1    | Bought a glowing blowgun for 181 gold pieces
 18793 | Orc:1    | Bought a glowing blowgun for 181 gold pieces
 18862 | Orc:2    | Bought a +1 pair of boots for 207 gold pieces
 19345 | D:12     | Received a gift from Trog
 19625 | D:13     | Noticed Kirke
 20011 | D:13     | Killed Kirke
 20011 | D:13     | Reached skill level 15 in Long Blades
 20210 | D:14     | Noticed Josephine
 20218 | D:14     | Noticed Nessos
 20483 | D:14     | Noticed Frances
 20552 | D:14     | Received a gift from Trog
 20562 | D:14     | Killed Frances
 20620 | D:14     | Killed Nessos
 20642 | D:14     | Reached XP level 16. HP: 110/110 MP: 24/24
 20758 | D:14     | Killed Josephine
 20758 | D:14     | Received a gift from Trog
 20838 | D:14     | Received a gift from Trog
 20850 | D:14     | Found a gate to the Vaults.
 21123 | D:15     | Entered Level 15 of the Dungeon
 21238 | D:15     | Received a gift from Trog
 21250 | D:15     | Reached skill level 16 in Long Blades
 21324 | D:15     | Found a shattered altar of Ashenzari.
 21325 | D:15     | Found a radiant altar of Vehumet.
 21325 | D:15     | Found a stormy altar of Qazlal.
 21575 | D:15     | Found a staircase to the Depths.
 22112 | D:15     | Received a gift from Trog
 22400 | D:15     | Reached skill level 17 in Long Blades
 22518 | D:15     | Got a scorched falchion {pain}
 22519 | D:15     | Identified the +5 falchion of Doubt {pain, rPois SInv} (You took it off a tengu warrior on level 15 of the Dungeon)
 23029 | Spider:1 | Entered Level 1 of the Spider Nest
 23076 | Spider:1 | Noticed Roxanne
 23091 | Spider:1 | Received a gift from Trog
 23138 | Spider:1 | Killed Roxanne
 23138 | Spider:1 | Reached XP level 17. HP: 99/115 MP: 20/25
 23139 | Spider:1 | Identified Roxanne's Incunabulum of Transformation (You took it off Roxanne on level 1 of the Spider Nest)
 23718 | Spider:1 | Identified the +1 robe of Bitterness {rCorr} (You found it on level 1 of the Spider Nest)
 24849 | Spider:2 | Received a gift from Trog
 25081 | Spider:2 | Got a dazzling long sword {god gift}
 25082 | Spider:2 | Identified the +2 long sword of Megalomania {flame, Dex+2} (Trog gifted it to you on level 2 of the Spider Nest)
 25210 | Spider:2 | Reached skill level 18 in Long Blades
 26299 | Spider:4 | Entered Level 4 of the Spider Nest
 26422 | Spider:4 | Received a gift from Trog
 26443 | Spider:4 | Reached skill level 15 in Throwing
 26451 | Spider:4 | Got a gossamer rune of Zot
 26466 | Spider:4 | Got a shimmering falchion {god gift}
 26469 | Spider:4 | Identified the +7 falchion of Pont {slice, rElec Dex+2} (Trog gifted it to you on level 4 of the Spider Nest)
 26769 | Spider:4 | Noticed retryentry's ghost (adept VSFi)
 26817 | Spider:4 | Killed retryentry's ghost
 26817 | Spider:4 | Reached XP level 18. HP: 94/121 MP: 23/26
 27594 | Swamp:1  | Entered Level 1 of the Swamp
 28060 | Orc:2    | Bought a scroll of enchant armour for 135 gold pieces
 28099 | Elf:1    | Entered Level 1 of the Elven Halls
 28378 | Elf:1    | Received a gift from Trog
 28600 | Elf:1    | Reached skill level 19 in Long Blades
 28888 | Elf:1    | Noticed a Hell Sentinel
 29049 | Elf:1    | You fall through a shaft!
 29379 | Elf:1    | Received a gift from Trog
 29581 | Elf:3    | Entered Level 3 of the Elven Halls
 29676 | Elf:3    | Found Cikkamp's Gadget Emporium.
 29743 | Elf:2    | Found a runed gate.
 29743 | Elf:2    | Found a runed gate.
 29744 | Elf:2    | Found a runed gate.
 29802 | Elf:3    | Found Coneruf's Magic Scroll Shoppe.
 29808 | Elf:3    | Bought a scroll of teleportation for 42 gold pieces
 29808 | Elf:3    | Bought a scroll of acquirement for 728 gold pieces
 29809 | Elf:3    | Got a faintly glowing bone ring
 29810 | Elf:3    | Identified the ring of Jemarez {+Fly rN+ Str+2 Dex+4} (You acquired it on level 3 of the Elven Halls)
 29853 | Elf:3    | Found an ancient bone altar of Kikubaaqudgha.
 29976 | Elf:3    | Found a magical portal.
 29985 | WizLab   | Entered The Chambers of the Cloud Mage
 30009 | WizLab   | Received a gift from Trog
 30183 | WizLab   | Received a gift from Trog
 30424 | WizLab   | Received a gift from Trog
 30524 | WizLab   | Noticed Duusuh
 30551 | WizLab   | Killed Duusuh the Cloud Mage
 30846 | Elf:3    | Found Buotaci's Antique Weapon Shoppe.
 30877 | Elf:3    | Found Efidim's Distillery.
 30895 | Elf:3    | Bought a scroll of brand weapon for 280 gold pieces
 30921 | Elf:3    | Bought a potion of resistance for 120 gold pieces
 30921 | Elf:3    | Bought a potion of haste for 120 gold pieces
 30921 | Elf:3    | Bought a potion of resistance for 120 gold pieces
 30921 | Elf:3    | Bought a potion of heal wounds for 60 gold pieces
 30921 | Elf:3    | Bought a potion of curing for 36 gold pieces
 30921 | Elf:3    | Bought a potion of flight for 36 gold pieces
 30921 | Elf:3    | Bought a potion of curing for 36 gold pieces
 31387 | Elf:3    | Found Hutuh's Jewellery Emporium.
 31388 | Elf:3    | Found Niulom's Gadget Boutique.
 31388 | Elf:3    | Found Ysieriv's Gadget Boutique.
 31567 | Elf:2    | Reached skill level 20 in Long Blades
 31725 | Elf:2    | Received a gift from Trog
 31783 | Elf:2    | Found Suc Gimn's Food Emporium.
 32012 | Elf:2    | Reached XP level 19. HP: 86/127 MP: 17/27
 32670 | Elf:2    | Received a gift from Trog
 33918 | Swamp:1  | Paralysed by a hornet for 2 turns
 34557 | Swamp:2  | You fall through a shaft!
 34557 | Swamp:3  | Noticed Donald
 34586 | Swamp:3  | Killed Donald
 34671 | Swamp:3  | Received a gift from Trog
 35906 | Swamp:4  | Entered Level 4 of the Swamp
 35909 | Swamp:4  | Noticed Jorgrun
 35919 | Swamp:4  | Killed Jorgrun
 35987 | Swamp:4  | Received a gift from Trog
 36208 | Swamp:4  | Received a gift from Trog
 37105 | Swamp:4  | Received a gift from Trog
 37290 | Swamp:4  | Got a decaying rune of Zot
 37419 | Lair:2   | Reached XP level 20. HP: 133/133 MP: 29/29
 37687 | Vaults:1 | Entered Level 1 of the Vaults
 37720 | Vaults:1 | Found Fastraeso's Distillery.
 38075 | Vaults:1 | Received a gift from Trog
 38349 | Vaults:1 | Received a gift from Trog
 38353 | Vaults:1 | Reached skill level 21 in Long Blades
 38541 | Vaults:1 | Received a gift from Trog
 38543 | Vaults:1 | Got a jewelled great sword {god gift}
 38550 | Vaults:1 | Identified the +1 great sword "Orb Guardian's Curse" {flame, rF- Str+3 Dex+6} (Trog gifted it to you on level 1 of the Vaults)
 39541 | Vaults:2 | HP: 4/199 [yaktaur[a yaktaur captain] (14)]
 39543 | Vaults:2 | HP: 1/199 [yaktaur[a yaktaur captain] (5)]
 39668 | Vaults:2 | Received a gift from Trog
 40006 | Vaults:2 | Noticed Mennas
 40016 | Vaults:2 | Reached skill level 22 in Long Blades
 40122 | Vaults:2 | Noticed Sojobo
 40163 | Vaults:2 | Killed Sojobo
 40381 | Vaults:2 | Noticed Saint Roka
 40739 | Vaults:2 | Killed Saint Roka
 40739 | Vaults:2 | Received a gift from Trog
 41032 | Vaults:2 | Identified the +4 scale mail of the Bulwark {rN+ Regen+} (You found it on level 2 of the Vaults)
 41068 | Vaults:2 | HP: 1/199 [deep elf knight/stone arrow (14)]
 41069 | Vaults:2 | Killed from afar by a deep elf knight

Vault maps used:
D:1:      minmay_arrival_loop, minmay_misc_feat_plants, hangedman_decor_points,
          solitary_fountain, minmay_split_cup_large
D:2:      kennysheep_six_static_rooms, st_stairs_11, uniq_robin
D:3:      nicolae_overflow_hidden_temple, minmay_misc_feat_pillars
D:4:      lemuel_crystal_altar, temple_statues, first_bread
D:5:      lemuel_doored_altar, lemuel_crystal_altar, vehumet_altar_wand_db,
          lightli_minifort
D:6:      corexii_shantytown, grunt_temple_overflow_order_and_chaos_1,
          nicolae_ossuary_entry_false_entrances, uniq_sigmund, uniq_eustachio,
          uniq_menkaure
D:7:      overflow_temple_1_default, uniq_pikel
D:8:      dancing_weapons_uskayaw, uniq_grum, uniq_joseph
D:9:      hangedman_ru_absence, zombieorc2_lemuel, enter_bailey_2
D:10:     serial_shops, shop, special_room
D:11:     david_lair_shrubbed, grunt_ogre_cave, minmay_misc_feat_encased
D:13:     gargoyle_guard, serial_glass, glass_columns_b, glass_columns_b,
          item_on_display_a, feat_on_display, uniq_kirke
D:14:     grunt_vaults_entry_tiered, uniq_frances, uniq_josephine, uniq_nessos
D:15:     hangedman_slaughterboxes
Lair:1:   lab_entry_generic
Lair:2:   nicolae_swamp_entry_splash_gauntlet, spider_nest_entry_funnel_web,
          serial_bayou_pond_a
Lair:4:   enter_volcano_3, serial_bayou_shore_a
Lair:5:   dpeg_slime_entry_enclosed_altar, bobbens_dragon_lair_wall
Lair:6:   cheibrodos_lair_end_hotspot, st_stairs_12
Swamp:1:  evilmike_swamp_ruin_house_1
Swamp:2:  evilmike_swamp_ruin_house_4, swamp_pool4, hangedman_swamp_wriggling
Swamp:3:  evilmike_swamp_ruin_house_6, uniq_donald
Swamp:4:  swamp_fiery, swamp_pool4, nicolae_swamp_orc_logging_accident,
          nicolae_swamp_round_clearing, nicolae_swamp_little_tower, uniq_jorgrun
Spider:1: uniq_roxanne
Spider:4: spider_rune_water
Orc:1:    serial_shops, nicolae_shop_competitors_out_of_business, basic_altar
Orc:2:    st_orc_rangers
Elf:1:    evilmike_minifort
Elf:2:    serial_shops, nicolae_shop_window_shopping
Elf:3:    minmay_elf_hall_four_x, serial_shops, nicolae_shop_waterfront,
          nicolae_shop_temple_entry_statues_fountains, shop,
          nicolae_shop_behind_doors, mu_enter_wizlab_3, basic_altar,
          minmay_shop_grove
Vaults:1: vaults_dpeg_cross, vaults_room_pool, nicolae_vaults_quartermaster,
          ontoclasm_vaults_gateway, hangedman_vaults_nails,
          hangedman_vaults_trim, nicolae_vaults_little_squares_2,
          vaults_dpeg_diagonal, v_misc_33, vaults_dpeg_hooks,
          grunt_vaults_bifocal, nicolae_vaults_bisected_inception,
          hangedman_vaults_stretched_pinwheel, ontoclasm_vaults_shuriken,
          vaults_room_door_ring, serial_shops, nicolae_shop_trees
Vaults:2: ontoclasm_vaults_ring_square, minmay_crypt_entry_necro_gods,
          nicolae_vaults_little_squares_6, nicolae_vaults_mini_display_case,
          v_rooms_1, v_misc_30, hangedman_vaults_stitches, v_misc_12,
          nicolae_vaults_little_squares_2, v_misc_18, v_alt_pattern_3,
          serial_shops, nicolae_shop_stone, uniq_mennas, uniq_saint_roka,
          uniq_sojobo
Lab:      labyrinth_watery, lab_statue, nicolae_lab_grate_2, nicolae_lab_garden,
          nicolae_lab_diamond, lab_hedge, nicolae_lab_grate
Ossuary:  ossuary_tomb_3
Bailey:   bailey_polearm_3, bailey
Volcano:  volcano_pools
WizLab:   wizlab_cloud

Skill      XL: |  1  2  3  4  5  6  7  8  9 10 11 12 13 14 15 16 17 18 19 20 |
---------------+-------------------------------------------------------------+-----
Long Blades    | 4 5 6 8 9 11 12 14 15 17 18 20 22 | 22.5
Dodging        | 4 7 10 | 10.8
Stealth        | 10 13 14 | 14.0
Fighting       | 3 5 |  5.4
Evocations     | 5 8 11 12 13 | 13.0
Throwing       | 2 3 9 11 13 15 16 17 | 17.8
Shields        | 3 5 |  5.0
Armour         | |  1.5

Action                   |  1- 3 |  4- 6 |  7- 9 | 10-12 | 13-15 | 16-18 | 19-21 || total
-------------------------+-------+-------+-------+-------+-------+-------+-------++-------
Melee: Falchion          |   136 |   159 |   166 |       |       |   150 |       ||   611
       Bite              |    18 |    23 |    54 |    93 |   235 |   382 |   289 ||  1094
       Long sword        |       |       |   139 |    58 |       |       |       ||   197
       Scimitar          |       |       |     7 |       |       |       |       ||     7
       Demon blade       |       |       |       |   517 |  1194 |  1307 |   669 ||  3687
       Dagger            |       |       |       |       |    26 |       |       ||    26
       Kick              |       |       |       |       |   261 |       |       ||   261
       Short sword       |       |       |       |       |   148 |   464 |       ||   612
       Quick blade       |       |       |       |       |       |   121 |   615 ||   736
       Triple sword      |       |       |       |       |       |       |   260 ||   260
Throw: Tomahawk          |       |       |       |       |     1 |    62 |    94 ||   157
       Javelin           |       |       |       |       |       |       |     1 ||     1
Invok: Berserk           |     3 |     2 |    11 |     4 |    11 |     6 |     7 ||    44
       Burn Spellbooks   |       |     1 |       |     3 |     1 |     8 |     1 ||    14
       Brothers in Arms  |       |       |     1 |     2 |       |     4 |     6 ||    13
       Trog's Hand       |       |       |       |       |     2 |     3 |     1 ||     6
 Abil: Evoke Invisibilit |       |       |       |     1 |    16 |    41 |    22 ||    80
       Evoke Flight      |       |       |       |       |     1 |       |       ||     1
       Turn Visible      |       |       |       |       |       |       |     1 ||     1
Evoke: Wand              |       |       |       |     6 |    55 |    55 |     4 ||   120
       Lightning rod     |       |       |       |       |     4 |     4 |     4 ||    12
       Phial of floods   |       |       |       |       |       |     1 |     1 ||     2
       Sack of spiders   |       |       |       |       |       |       |     2 ||     2
  Use: Potion            |     9 |    13 |    13 |    18 |    46 |    41 |    41 ||   181
       Scroll            |       |    11 |     9 |     8 |     7 |    12 |     9 ||    56
 Stab: Sleeping          |     2 |     3 |       |    20 |    39 |    92 |    78 ||   234
       Distracted        |     1 |       |       |     1 |    10 |    13 |     4 ||    29
       Invisible         |       |       |       |     3 |    92 |   143 |   102 ||   340
       Confused          |       |       |       |       |     3 |     2 |     3 ||     8
       Paralysed         |       |       |       |       |     1 |       |       ||     1
  Eat: Corpse            |     2 |     2 |     9 |     8 |    18 |    19 |    15 ||    73
Armor: Animal skin       |    34 |    32 |    13 |       |       |       |       ||    79
       Leather armour    |       |       |    36 |       |       |       |       ||    36
       Ring mail         |       |       |       |    95 |   123 |       |       ||   218
       Troll leather arm |       |       |       |       |    49 |   289 |   225 ||   563
Dodge: Dodged            |   110 |   103 |   187 |   367 |   764 |  1315 |  1061 ||  3907
Block: Buckler           |       |       |       |    11 |   245 |   389 |   191 ||   836
       Rpst.: Falchion   |    28 |    32 |    28 |       |       |    38 |       ||   126
       Long sword        |       |       |    27 |    21 |       |       |       ||    48
       Scimitar          |       |       |     1 |       |       |       |       ||     1
       Demon blade       |       |       |       |    73 |   194 |   208 |   112 ||   587
       Triple sword      |       |       |       |       |       |       |    65 ||    65
